 Dungeon Crawl Stone Soup version 0.29-a0-338-g1ff7896281 (webtiles) character file.

Game seed: 15611545489577104023

688 AlmostDecent the Quickloader (level 7, 0/53 HPs)
             Began as a Formicid Hunter on Apr 18, 2022.
             Was a Follower of Okawaru.
             Slain by a gnoll
             ... wielding a +0 club
              (4 damage)
             ... on level 5 of the Dungeon.
             The game lasted 00:09:07 (4226 turns).

AlmostDecent the Quickloader (Formicid Hunter)      Turns: 4226, Time: 00:09:07

Health: 0/53       AC:  6    Str: 21    XL:     7   Next: 94%
Magic:  7/7        EV: 12    Int:  9    God:    Okawaru [*.....]
Gold:   211        SH:  0    Dex: 16    Spells: 6/6 levels left

rFire   . . .      SeeInvis +   a - +1 hand crossbow
rCold   . . .      Faith    .   (no shield)
rNeg    . . .      Spirit   .   b - +0 leather armour
rPois   +          Reflect  .   (helmet unavailable)
rElec   .          Harm     .   i - +0 cloak
rCorr   .          Rampage  .   e - +0 pair of gloves
Will    .....                   o - +0 pair of boots
Stlth   ++........              (no amulet)
HPRegen 0.17/turn               r - +6 ring of strength
MPRegen 0.10/turn               v - ring of poison resistance

@: no status effects
A: permanent stasis, dig shafts and tunnels, antennae 3, four strong arms
a: Dig, Shaft Self, Renounce Religion, Heroism


You were on level 5 of the Dungeon.
You worshipped Okawaru.
Okawaru was aware of your devotion.
You visited 2 branches of the dungeon, and saw 6 of its levels.

You collected 211 gold pieces.

Inventory:

Hand Weapons
 a - a +1 hand crossbow (weapon)
 h - a +2 quarterstaff of chaos
 l - a +0 falchion
Armour
 b - a +0 leather armour (worn)
 e - a +0 pair of gloves (worn)
 i - a +0 cloak (worn)
 o - a +0 pair of boots (worn)
Jewellery
 r - a +6 ring of strength (left hand)
 v - a ring of poison resistance (right hand)
Scrolls
 c - a scroll of immolation
 f - 2 scrolls of fog {unknown}
 g - a scroll of teleportation {unknown}
 j - a scroll of enchant armour {unknown}
 k - 3 scrolls of identify {unknown}
 m - 2 scrolls of noise {unknown}
 n - a scroll of fear {unknown}
 s - a scroll of brand weapon {unknown}
 t - a scroll of silence {unknown}
 u - a scroll of vulnerability {unknown}
Potions
 d - 3 potions of brilliance {unknown}
 p - a potion of curing
 q - a potion of heal wounds {unknown}


   Skills:
 + Level 3.7 Fighting
 * Level 8.0 Crossbows
 + Level 1.8 Armour
 + Level 2.6 Dodging
 + Level 1.4 Stealth


You had 6 spell levels left.
You didn't know any spells.
Your spell library was empty.

Dungeon Overview and Level Annotations

Branches:
Dungeon (5/15)             Temple (1/1) D:4

Altars:
Ashenzari
Dithmenos
Gozag
Hepliaklqana
Kikubaaqudgha
Makhleb
Nemelex Xobeh
Okawaru
Ru
Sif Muna
Trog
Uskayaw
Wu Jian
Xom
Yredelemnul
The Shining One


Innate Abilities, Weirdness & Mutations

You cannot be hasted, slowed, berserked, paralysed or teleported.
You can dig through walls and to a lower floor.
You have a pair of large antennae on your head. (SInv)
Your four strong arms can wield two-handed weapons with a shield.


Message History

No target in view!
A gnoll comes into view. It is wielding a +0 whip.
The gnoll shouts!
You shoot a bolt. The bolt barely misses the gnoll.
An ogre comes into view. It is wielding a +0 giant club.
A gnoll comes into view. It is wielding a +0 club.
You shoot a bolt. The gnoll shouts!
The bolt hits the gnoll.
The gnoll is moderately wounded.
You shoot a bolt. The bolt hits the gnoll.
The gnoll is moderately wounded.
You shoot a bolt.
The bolt hits the gnoll but does no damage.
The gnoll is moderately wounded.
You shoot a bolt. The bolt hits the gnoll.
The gnoll is severely wounded.
The gnoll closely misses you.
You shoot a bolt. The bolt closely misses the gnoll.
The bolt hits the ogre.
The ogre is moderately wounded.
The gnoll closely misses you.
You shoot a bolt.
The bolt hits the gnoll but does no damage.
The gnoll is heavily wounded.
The gnoll barely misses you.
You shoot a bolt. The bolt hits the gnoll.
The gnoll is severely wounded.
The ogre hits you with a +0 giant club! The gnoll hits you with a +0 whip.
You shoot a bolt. The bolt hits the gnoll.
You kill the gnoll!
Okawaru accepts your kill. The gnoll completely misses you.
The ogre closely misses you.
You shoot a bolt. The bolt barely misses the ogre.
The gnoll barely misses you.
You shoot a bolt. The bolt hits the ogre.
The ogre is moderately wounded.
The ogre hits you with a +0 giant club!!
Ouch! That really hurt!
* * * LOW HITPOINT WARNING * * *
The gnoll hits you with a +0 club.
You die...

##.### ##.## #.##
#.# #.# ### #.#
##... #.# ###..#
#.## ##...# #..##
##((@g##
#..##...###...O).#
#...........##...#
#...##(...###
##..# #...# ######
#..# ....# #...
#### ... ..


You could see an ogre and a gnoll.

Vanquished Creatures
  A black bear (D:4)
  2 ogres (D:4)
  A phantom (D:5)
  A scorpion (D:4)
  2 jellies
  An orc priest (D:4)
  A hound (D:4)
  Crazy Yiuf (D:2)
  Robin (D:3)
  2 gnolls (D:5)
  A worm (D:3)
  2 dart slugs (D:1)
  4 orcs
  9 endoplasms
  4 giant cockroaches
  10 hobgoblins
  8 jackals
  7 kobolds
  3 quokkas
  7 ball pythons
  4 bats
  5 frilled lizards
  26 goblins
  8 rats
111 creatures vanquished.

Vanquished Creatures (others)
  4 plants (D:2)
4 creatures vanquished.

Grand Total: 115 creatures vanquished

Notes
Turn   | Place    | Note
-------+----------+-------------------------------------------
     0 | D:1      | AlmostDecent the Formicid Hunter began the quest for the
                  | Orb.
     0 | D:1      | Reached XP level 1. HP: 16/16 MP: 1/1
    81 | D:1      | Reached XP level 2. HP: 14/23 MP: 2/2
   459 | D:1      | Reached XP level 3. HP: 28/28 MP: 3/3
   733 | D:1      | Reached skill level 5 in Crossbows
  1337 | D:2      | Reached XP level 4. HP: 34/34 MP: 4/4
  1371 | D:2      | Found a runed translucent door.
  1372 | D:2      | Noticed Crazy Yiuf
  1383 | D:2      | Killed Crazy Yiuf
  1572 | D:2      | Reached XP level 5. HP: 26/39 MP: 5/5
  1966 | D:2      | Found a faded altar of an unknown god.
  2068 | D:2      | Reached skill level 6 in Crossbows
  2342 | D:3      | Noticed Robin
  2378 | D:3      | Killed Robin
  2794 | D:3      | Found a shimmering blue altar of Sif Muna.
  3249 | D:4      | Reached skill level 1 in Armour
  3249 | D:4      | Reached XP level 6. HP: 46/46 MP: 6/6
  3254 | D:4      | Noticed an ogre
  3264 | D:4      | Killed an ogre
  3301 | D:4      | Found a staircase to the Ecumenical Temple.
  3310 | Temple   | Entered the Ecumenical Temple
  3404 | Temple   | Became a worshipper of Warmaster Okawaru
  3496 | D:4      | Found a glowing golden altar of the Shining One.
  3521 | D:4      | Reached skill level 7 in Crossbows
  3599 | D:4      | Noticed a black bear
  3609 | D:4      | Killed a black bear
  3610 | D:4      | Reached XP level 7. HP: 48/52 MP: 7/7
  3663 | D:4      | Reached * piety under Okawaru
  4099 | D:5      | Entered Level 5 of the Dungeon
  4215 | D:5      | Reached skill level 8 in Crossbows
  4226 | D:5      | Slain by a gnoll

Illustrated notes

Levels and vault maps discovered:
D:1:      scummos_arrival_checkerplants, layout_loops_ring, serial_aquarium,
          aquarium_bridge_island_small [aquarium_subvault_small_water,
          aquarium_subvault_bridge, aquarium_subvault_bridge,
          aquarium_subvault_window, aquarium_subvault_bridge],
          aquarium_window_1, aquarium_window_1, aquarium_window_corner,
          aquarium_window_2, aquarium_view_2c, aquarium_balcony_3a,
          aquarium_pool_four, minmay_ruptured
D:2:      layout_loops_ring, chequers_ecumenical_altar_lobes,
          skrybe_limestone_x, minmay_curled_crystal, uniq_crazy_yiuf_cottage
D:3:      layout_rooms, mainiacjoe_overflow_alcove_4, dk_noncrumbling_3,
          uniq_robin
D:4:      layout_basic, kennysheep_mini_moat, minmay_temple_entry_junction_2,
          amcnicky_mini_pool_small, kennysheep_diamond
D:5:      layout_layer_cave, biasface_ghost_orc_armoury, minmay_misc_feat_x
Temple:   eino_temple_scatter_basement

Skill      XL: |  1  2  3  4  5  6  7 |
---------------+----------------------+-----
Crossbows      | 5 6 7 8 |  8.0
Dodging        | 2 |  2.6
Armour         | 1 |  1.8
Fighting       | 3 |  3.7
Stealth        | |  1.4

Action                   |  1- 3 |  4- 6 |  7- 9 || total
-------------------------+-------+-------+-------++-------
 Fire: Hand crossbow     |    89 |   167 |    59 ||   315
Invok: Heroism           |       |       |     1 ||     1
 Abil: Dig               |       |     2 |       ||     2
  Use: Potion            |       |     4 |       ||     4
Armor: Leather armour    |     8 |    42 |     6 ||    56
Dodge: Dodged            |    27 |    85 |    21 ||   133

Table legend: (Time is in decaauts)
 A = Elapsed time spent in this place.
 B = Non-inter-level travel time spent in this place.
 C = Inter-level travel time spent in this place.
 D = Time resting spent in this place.
 E = Time spent auto-exploring this place.
 F = Levels seen in this place.
 G = Mean time per level.
                   A        B        C        D        E       F      G
               +--------+--------+--------+--------+--------+-----+--------+
         Total |   4297 |   4095 |    202 |    236 |   3217 |   6 |  716.2 |
       Dungeon |   4186 |   3999 |    187 |    236 |   3138 |   5 |  837.2 |
        Temple |    110 |     95 |     15 |      0 |     79 |   1 |  110.0 |
               +--------+--------+--------+--------+--------+-----+--------+

Top non-repeatable levels by time:
     D:2: 1216 daAuts
     D:1: 1165 daAuts
     D:4: 881 daAuts
     D:3: 793 daAuts
     D:5: 129 daAuts
  Temple: 110 daAuts
